 Dungeon Sprint DCSS version 0.26-a0-540-g8a0c9464d7 (webtiles) character file.

Game seed: 1653788202880906686

401 HoaS the Grappler (level 6, -2/55 HPs)
             Began as a Ghoul Gladiator on Aug 19, 2020.
             Was a Follower of Makhleb.
             Slain by an unseen horror (7 damage)
             ... in the Dungeon (Sprint IX: "|||||||||||||||||||||||||||||").
             The game lasted 00:01:41 (436 turns).

HoaS the Grappler (Ghoul Gladiator)                  Turns: 436, Time: 00:01:42

Health: -2/55      AC: 13    Str: 19    XL:     6   Next: 85%
Magic:  5/5        EV:  9    Int:  6    God:    Makhleb [*.....]
Gold:   0          SH:  0    Dex: 14    Spells: 5/5 levels left

rFire    . . .     SeeInvis .     - Unarmed
rCold    + . .     Faith    .   (no shield)
rNeg     + + +     Spirit   .   o - +1 chain mail
rPois    ∞         Reflect  .   b - +0 helmet
rElec    .         Harm     .   n - +0 cloak
rCorr    .         NoTele   +   m - +0 pair of gloves
MR       .....                  (no boots)
Stlth    ..........             (no amulet)
HPRegen  0.00/turn              q - +3 ring of dexterity
MPRegen  0.09/turn              p - +3 ring of intelligence

@: no status effects
A: rotting body, claws 1, cold resistance 1, negative energy resistance 3,
inhibited regeneration, torment resistance, unbreathing
a: Renounce Religion


You were in the Dungeon.
You worshipped Makhleb.
Makhleb was aware of your devotion.
You visited 1 branch

Inventory:

Missiles
 c - a throwing net (quivered)
Armour
 b - a +0 helmet (worn)
 m - a +0 pair of gloves (worn)
 n - a +0 cloak (worn)
 o - a +1 chain mail (worn)
Jewellery
 p - a +3 ring of intelligence (right hand)
 q - a +3 ring of dexterity (left hand)
Wands
 l - a wand of iceblast (10)
Scrolls
 h - 2 scrolls of blinking
 j - 3 scrolls of remove curse
 k - 2 scrolls of amnesia
Potions
 d - 5 potions of curing
 e - 3 potions of heal wounds
 f - a potion of haste
 g - 4 potions of magic
 i - a potion of invisibility


   Skills:
 + Level 4.9 Fighting
 - Level 1.7 Throwing
 + Level 3.5 Armour
 + Level 4.6 Dodging
 * Level 13.2 Unarmed Combat


You had 5 spell levels left.
You didn't know any spells.
Your spell library was empty.

Dungeon Overview and Level Annotations

Branches:
Dungeon (1/1)

Altars:
Cheibriados
Dithmenos
Elyvilon
Fedhas
Gozag
Hepliaklqana
Kikubaaqudgha
Makhleb
Nemelex Xobeh
Okawaru
Qazlal
Ru
Sif Muna
Trog
Uskayaw
Vehumet
Wu Jian
Xom
Yredelemnul
Zin
The Shining One
Beogh
Jiyva
Lugonu


Innate Abilities, Weirdness & Mutations

Your body is rotting away.
You thrive by killing the living.
You are immune to poison.
You have sharp fingernails.
Your flesh is cold resistant. (rC+)
You are immune to negative energy. (rN+++)
You do not regenerate when monsters are visible.
You are immune to unholy pain and torment.
You can survive without breathing.


Message History

There is an open door to the Dungeon here.
Things that are here:
a +0 giant club; a throwing net Something hits you.
You see here a +0 leather armour.
Something hits you but does no damage. Something hits you.
Something hits you but does no damage.
You closely miss something. Something hits you.
Something hits you but does no damage. x2
You hit something. Something hits you.
You punch something! Something hits you.
* * * LOW HITPOINT WARNING * * *
Something hits you but does no damage. x2
You see here a +0 leather armour.
You barely miss something. Something hits you but does no damage.
You are no longer corroded.
Something hits you!
* * * LOW HITPOINT WARNING * * *
Something hits you!
You die... ▓▓▓▓▓▓▓▓▓▓▓▓▓▓▓▓▓▓▓▓▓▓▓▓ ______'..).....[@......+ ▓▓▓▓▓▓▓▓▓▓▓▓▓▓▓▓▓▓▓▓▓▓▓▓

There were no monsters in sight!

Vanquished Creatures
  A yak (D)
  An ogre (D)
  A howler monkey (D)
  A jelly (D)
  A hound (D)
  An iguana (D)
  An orc wizard (D)
  An adder (D)
  A white imp (D)
  An orc (D)
  A bat (D)
  A giant cockroach (D)
  A goblin (D)
  2 frilled lizards (D)
15 creatures vanquished.

Notes
Turn   | Place    | Note
-------+----------+-------------------------------------------
     0 | D        | HoaS the Ghoul Gladiator began the quest for the Orb.
     0 | D        | Reached XP level 1. HP: 17/17 MP: 0/0
     5 | D        | Reached skill level 4 in Unarmed Combat
    13 | D        | Reached skill level 5 in Unarmed Combat
    24 | D        | Noticed a howler monkey
    24 | D        | Noticed an orc wizard
    29 | D        | Killed a howler monkey
    29 | D        | Reached skill level 8 in Unarmed Combat
    29 | D        | Reached XP level 2. HP: 22/24 MP: 1/1
    29 | D        | Reached XP level 3. HP: 26/29 MP: 2/2
    35 | D        | Reached skill level 9 in Unarmed Combat
    35 | D        | Reached XP level 4. HP: 19/36 MP: 3/3
   316 | D        | Found a roughly hewn altar of Beogh.
   316 | D        | Found a snail-covered altar of Cheibriados.
   316 | D        | Found a shadowy altar of Dithmenos.
   316 | D        | Found a white marble altar of Elyvilon.
   316 | D        | Found a blossoming altar of Fedhas.
   316 | D        | Found an opulent altar of Gozag.
   317 | D        | Found a hazy altar of Hepliaklqana.
   318 | D        | Found a viscous altar of Jiyva.
   319 | D        | Found an ancient bone altar of Kikubaaqudgha.
   320 | D        | Found a corrupted altar of Lugonu.
   321 | D        | Found a burning altar of Makhleb.
   322 | D        | Found a sparkling altar of Nemelex Xobeh.
   323 | D        | Found an iron altar of Okawaru.
   324 | D        | Found a stormy altar of Qazlal.
   325 | D        | Found a sacrificial altar of Ru.
   326 | D        | Found a shimmering blue altar of Sif Muna.
   327 | D        | Found a bloodstained altar of Trog.
   328 | D        | Found a hide-covered altar of Uskayaw.
   329 | D        | Became a worshipper of Makhleb the Destroyer
   330 | D        | Found a radiant altar of Vehumet.
   331 | D        | Found an ornate altar of the Wu Jian Council.
   332 | D        | Found a shimmering altar of Xom.
   333 | D        | Found a basalt altar of Yredelemnul.
   334 | D        | Found a glowing silver altar of Zin.
   335 | D        | Found a glowing golden altar of the Shining One.
   385 | D        | Noticed a yak
   385 | D        | Noticed an ogre
   394 | D        | Killed a yak
   394 | D        | Reached skill level 12 in Unarmed Combat
   394 | D        | Reached skill level 1 in Armour
   394 | D        | Reached XP level 5. HP: 45/45 MP: 4/4
   394 | D        | Reached XP level 6. HP: 51/51 MP: 5/5
   407 | D        | Reached * piety under Makhleb
   407 | D        | Reached skill level 13 in Unarmed Combat
   436 | D        | Slain by an unseen horror

Illustrated notes

Levels and vault maps discovered:
D:        linesprint [early_d, line_temple, items_1, d_10, items_2, lair_1,
          lair_end, items_3, orc_1, orc_end, items_4, d_15, swamp_1, shoals_1,
          snake_1, spider_1, d_20, vaults_1, items_5, swamp_end, shoals_end,
          snake_end, spider_end, vaults_end, d_27, items_6, zot_1, zot_end,
          crypt_end, forest_end, elf_end, slime_end, tomb_end, abyss_end,
          pan_hell_end]

Skill      XL: |  1  2  3  4  5  6 |
---------------+-------------------+-----
Unarmed Combat | 8 9 12 13 | 13.2
Fighting       | 3 4 |  4.9
Armour         | 1 3 |  3.5
Dodging        | 3 4 |  4.6
Throwing       | |  1.7

Action                   |  1- 3 |  4- 6 || total
-------------------------+-------+-------++-------
Melee: Unarmed           |    19 |    52 ||    71
       Punch             |       |     2 ||     2
Throw: Throwing net      |       |     2 ||     2
 Stab: Held in net/web   |       |     1 ||     1
Armor: Leather armour    |     5 |       ||     5
       Chain mail        |       |    13 ||    13
Dodge: Dodged            |     6 |    16 ||    22

Table legend: (Time is in decaauts)
 A = Elapsed time spent in this place.
 B = Non-inter-level travel time spent in this place.
 C = Inter-level travel time spent in this place.
 D = Time resting spent in this place.
 E = Time spent auto-exploring this place.
 F = Levels seen in this place.
 G = Mean time per level.
                   A        B        C        D        E       F      G
               +--------+--------+--------+--------+--------+-----+--------+
         Total |    421 |    421 |      0 |    262 |      0 |   1 |  421.0 |
       Dungeon |    421 |    421 |      0 |    262 |      0 |   1 |  421.0 |
               +--------+--------+--------+--------+--------+-----+--------+

Top non-repeatable levels by time:
       D: 421 daAuts
